 Dungeon Crawl Stone Soup version 0.18.1-50-g88ac8fd (webtiles) character file.

32 Gargoyl the Skirmisher (level 3, 29/29 HPs)
             Began as a Demonspawn Abyssal Knight on Sept 19, 2016.
             Was a Follower of Lugonu.
             Quit the game on level 2 of the Dungeon.
             The game lasted 00:01:52 (1239 turns).

Gargoyl the Skirmisher (Demonspawn Abyssal Knight)  Turns: 1239, Time: 00:01:53

Health: 29/29      AC:  6    Str: 13    XL:     3   Next: 8%
Magic:  4/4        EV:  9    Int: 13    God:    Lugonu [*.....]
Gold:   49         SH:  0    Dex: 12    Spells: 0 memorised, 2 levels left

rFire  . . .     SeeInvis +     p - +1 hand axe (venom)
rCold  . . .     Gourm    .     k - +0 scale mail
rNeg   . . .     Faith    .     (no shield)
rPois  .         Spirit   +     (no helmet)
rElec  .         Dismiss  .     (no cloak)
rCorr  .         Reflect  .     (no gloves)
SustAt .         Harm     .     (no boots)
MR     .....                    (no amulet)
Stlth  ..........               (no ring)
                                e - ring of see invisible

@: not resistant to hostile enchantments, extremely unstealthy
A: powered by death 1, magic shield
a: Depart the Abyss, Renounce Religion


You were on level 2 of the Dungeon.
You worshipped Lugonu.
Lugonu was aware of your devotion.
You were not hungry.

You visited 1 branch of the dungeon, and saw 2 of its levels.
You visited the Abyss 1 time.

You collected 49 gold pieces.

Inventory:

Hand Weapons
 a - a +1 hand axe
 p - a +1 hand axe of venom (weapon)
Armour
 b - a +0 leather armour
 k - a +0 scale mail (worn)
Jewellery
 e - a ring of see invisible (left hand)
Scrolls
 d - a scroll of recharging {unknown}
 g - 2 scrolls of identify {unknown}
 l - a scroll of remove curse {unknown}
 m - a scroll of enchant armour {unknown}
 o - a scroll of fog {unknown}
Potions
 h - a potion of cancellation {unknown}
 i - a potion of agility {unknown}
 j - a potion of curing {unknown}
Comestibles
 c - 2 bread rations
 f - a meat ration
 n - 3 chunks of flesh


   Skills:
 + Level 3.3 Fighting
 + Level 2.0 Axes
 * Level 2.1 Armour
 + Level 1.6 Dodging
 + Level 2.6 Invocations


You had 2 spell levels left.
You didn't know any spells.

Dungeon Overview and Level Annotations

Branches:
Dungeon (2/15)

Altars:


Innate Abilities, Weirdness & Mutations

You regenerate a little health from kills.
When hurt, damage is shared between your health and your magic reserves.


Message History

The hobgoblin hits you but does no damage.
You hit the ooze.
The ooze is poisoned.
The ooze is moderately wounded.
You hit the hobgoblin.
The hobgoblin is severely wounded.
The ooze closely misses you.
The hobgoblin hits you but does no damage.
You hit the ooze.
The ooze is almost dead.
You hit the hobgoblin.
You kill the hobgoblin!
Lugonu accepts your kill.
You kill the ooze!
Lugonu accepts your kill.
You have reached level 3!
Your experience leads to an increase in your attributes!
Increase (S)trength, (I)ntelligence, or (D)exterity?
You feel stronger.
Your demonic ancestry asserts itself...
You feel your magical essence form a protective shroud around your flesh.
Are you sure you want to abandon this character and quit the game? (Confirm with "yes".)

>. .# #.# #
###.#.# #.
#.#. .# #.
#.. .##
#..#†###..#
#...@.))..#
##....<.†.#
#........#
#........#
##..###.##
##.# ...
#.. +###
... .


There were no monsters in sight!

Vanquished Creatures
  An ooze (D:2)
  A dart slug (D:1)
  5 goblins
  7 hobgoblins
  2 bats (D:1)
  2 giant newts (D:1)
  3 kobolds (D:1)
  4 rats (D:1)
25 creatures vanquished.

Notes
Turn   | Place    | Note
--------------------------------------------------------------
     0 | Abyss:1  | Gargoyl the Demonspawn Abyssal Knight began the quest for the Orb.
     0 | Abyss:1  | Reached XP level 1. HP: 18/18 MP: 2/2
    60 | Abyss:1  | Noticed an orange demon
    75 | Abyss:1  | Noticed an apocalypse crab
    78 | Abyss:1  | Noticed a blink frog
    86 | Abyss:1  | Noticed a small abomination
    91 | Abyss:2  | Found a corrupted altar of Lugonu.
   128 | Abyss:2  | Noticed a small abomination
   138 | Abyss:2  | Noticed a large abomination
   141 | Abyss:2  | Noticed a wight
   141 | Abyss:2  | Noticed a wight
   141 | Abyss:2  | Noticed a wight
   141 | D:1      | Escaped the Abyss
   290 | D:1      | Reached skill level 1 in Dodging
   746 | D:1      | Gained mutation: You regenerate a little health from kills. [demonic ancestry]
   746 | D:1      | Reached XP level 2. HP: 24/24 MP: 3/3
   911 | D:1      | Reached * piety under Lugonu
  1237 | D:2      | Gained mutation: When hurt, damage is shared between your health and your magic reserves. [demonic ancestry]
  1237 | D:2      | Reached XP level 3. HP: 29/29 MP: 4/4
  1239 | D:2      | Quit the game

Skill      XL: |  1  2 |
---------------+-------+-----
Dodging        | 1 |  1.6
Armour         | 2 |  2.1
Axes           | 2 |  2.0
Fighting       | |  3.3
Invocations    | |  2.6

Action                   || total
-------------------------++-------
Melee: Hand axe          ||    59
Invok: Depart the Abyss  ||     1
  Eat: Chunk             ||     1
Armor: Leather armour    ||     9
       Scale mail        ||    20
Dodge: Dodged            ||    44
